[Event "3rd Memorial Warakomska 2019"]
[Site "Suwalki"]
[Date "2019.08.08"]
[Round "5.37"]
[White "Shpanko, Nadiia"]
[Black "Jankowiak, Tomasz"]
[Result "1/2-1/2"]
[ECO "A28"]
[WhiteElo "2132"]
[BlackElo "2104"]
[Annotator "NA"]
[PlyCount "147"]
[EventDate "2019.08.05"]
[EventType "swiss"]
[EventCountry "POL"]
[SourceTitle "playchess.com"]
[Source "ChessBase"]
[SourceQuality "1"]
[TimeControl "40/5400+30:1800+30"]

1. c4 e5 2. Nc3 Nf6 3. Nf3 Nc6 4. e3 d5 5. cxd5 Nxd5 6. Bb5 Nxc3 7. bxc3 Bd7 8. d4 Bd6 9. O-O O-O 10. Nd2 exd4 11. cxd4 Re8 12. Bb2 Qg5 13. Be2 Ne7 14. Bf3 Nf5 15. Re1 Nh4 16. g3 Nxf3+ 17. Qxf3 Bc6 18. Qe2 Bb4 19. Rad1 Bxd2 20. Rxd2 Qd5 21. e4 Rxe4 22. Qxe4 Qxe4 23. Rxe4 Bxe4 24. Re2 Bc6 25. Re7 Re8 26. Rxe8+ Bxe8 27. Kf1 f6 28. Ke2 Kf7 29. Kd3 Ke6 30. Bc1 g5 31. Ba3 Bb5+ 32. Kc3 g4 33. Bc1 Kd5 34. Bf4 c6 35. Bb8 a5 36. Bc7 a4 37. a3 Bc4 38. Bb6 f5 39. Kb4 Bb3 40. Kc3 Ke4 41. Kd2 Kf3 42. Ke1 Bd5 43. Kf1 Bc4+ 44. Ke1 h5 45. Bc5 b5 46. Kd2 Kxf2 47. d5+ Kf3 48. dxc6 f4 49. c7 Be6 50. Bd6 Kg2 51. Bxf4 Kxh2 52. Kc3 Kh3 53. Kb4 h4 54. gxh4 Kxh4 55. Kxb5 Bd7+ 56. Kb6 g3 57. Kb7 g2 58. Bh2 Kg4 59. c8=Q Bxc8+ 60. Kxc8 Kf5 61. Kd7 Ke4 62. Kc6 Kd4 63. Kb5 Kd5 64. Bg1 Kd6 65. Bh2+ Kd5 66. Bg1 Kd6 67. Kxa4 Kc6 68. Kb4 Kb7 69. Kb5 Ka8 70. Kb6 Kb8 71. a4 Ka8 72. a5 Kb8 73. a6 Ka8 74. a7 1/2-1/2

[Event "3rd Memorial Warakomska 2019"]
[Site "Suwalki"]
[Date "2019.08.08"]
[Round "5.38"]
[White "Bai, Adelard"]
[Black "Bukojemski, Adam"]
[Result "0-1"]
[ECO "D70"]
[WhiteElo "2113"]
[BlackElo "2225"]
[Annotator "NA"]
[PlyCount "82"]
[EventDate "2019.08.05"]
[EventType "swiss"]
[EventCountry "POL"]
[SourceTitle "playchess.com"]
[Source "ChessBase"]
[SourceQuality "1"]
[TimeControl "40/5400+30:1800+30"]

1. d4 Nf6 2. c4 g6 3. f3 d5 4. cxd5 Nxd5 5. e4 Nb6 6. Nc3 Bg7 7. Be3 O-O 8. Qd2 Nc6 9. O-O-O Qd6 10. Nb5 Qd7 11. Kb1 Rd8 12. d5 a6 13. Nc3 Qe8 14. Qc1 Ne5 15. Nge2 Nbc4 16. Bh6 Bh8 17. b3 b5 18. bxc4 b4 19. Kc2 Bd7 20. Kd2 Nxc4+ 21. Ke1 bxc3 22. Nxc3 Nd6 23. Be3 Nb5 24. Na4 e6 25. Kf2 exd5 26. exd5 Nd6 27. Nc5 Nf5 28. Nxd7 Nxe3 29. Qxe3 Qxd7 30. Bc4 Re8 31. Qd3 Qd6 32. g3 Qc5+ 33. Kg2 Re3 34. Qc2 Rc3 35. Qxc3 Bxc3 36. Bb3 Re8 37. Rhf1 Re2+ 38. Kh1 Be5 39. Rc1 Qe3 40. Rcd1 Bxg3 41. hxg3 Qh6+ 0-1

[Event "3rd Memorial Warakomska 2019"]
[Site "Suwalki"]
[Date "2019.08.08"]
[Round "5.39"]
[White "Szczurek, Krzysztof"]
[Black "Selbes, Tarik"]
[Result "0-1"]
[ECO "B13"]
[WhiteElo "2104"]
[BlackElo "2342"]
[Annotator "NA"]
[PlyCount "82"]
[EventDate "2019.08.05"]
[EventType "swiss"]
[EventCountry "POL"]
[SourceTitle "playchess.com"]
[Source "ChessBase"]
[SourceQuality "1"]
[TimeControl "40/5400+30:1800+30"]

1. e4 c6 2. d4 d5 3. exd5 cxd5 4. Nf3 Nf6 5. Bd3 Nc6 6. c3 Bg4 7. Bf4 e6 8. Qb3 Qc8 9. Ne5 Nxe5 10. Bxe5 a6 11. O-O Be7 12. Qc2 Bh5 13. Nd2 Bg6 14. Bxg6 hxg6 15. h3 O-O 16. Qd3 b5 17. a3 Qc6 18. Bxf6 gxf6 19. Rfe1 Kg7 20. Rec1 a5 21. b4 a4 22. f4 Rac8 23. g3 Rh8 24. Qf1 g5 25. Rc2 gxf4 26. Qxf4 Rcg8 27. Rf1 Rh6 28. Rf3 Bd6 29. Qe3 Rxh3 30. Nf1 Qc7 31. Rcf2 f5 32. Kg2 Rh7 33. Qd3 Qb8 34. Ne3 Kf8 35. g4 Rh2+ 36. Kf1 Rxf2+ 37. Rxf2 fxg4 38. Qh7 Qc7 39. Qh6+ Ke8 40. Qh7 Rg6 41. Qh8+ Bf8 0-1

[Event "3rd Memorial Warakomska 2019"]
[Site "Suwalki"]
[Date "2019.08.08"]
[Round "5.40"]
[White "Szostko, Jakub"]
[Black "Advait, Bagri"]
[Result "0-1"]
[ECO "C91"]
[WhiteElo "2245"]
[BlackElo "1968"]
[Annotator "ChessBase"]
[PlyCount "178"]
[EventDate "2019.08.05"]
[EventType "swiss"]
[EventCountry "POL"]
[SourceTitle "playchess.com"]
[Source "ChessBase"]
[SourceQuality "1"]
[TimeControl "40/5400+30:1800+30"]

1. e4 e5 2. Nf3 Nc6 3. Bb5 a6 4. Ba4 Nf6 5. O-O Be7 6. Re1 b5 7. Bb3 d6 8. c3 O-O 9. d4 Bg4 10. d5 Na5 11. Bc2 c6 12. h3 Bc8 13. dxc6 Qc7 14. Nbd2 Nxc6 15. Nf1 h6 16. Ng3 Rd8 17. Qe2 Bf8 18. a4 b4 19. c4 Be6 20. b3 Nd7 21. Nf1 Nc5 22. Ne3 Nd4 23. Qd1 g6 24. Bb2 Nxf3+ 25. Qxf3 a5 26. Qg3 Bg7 27. Rad1 Qe7 28. Bc1 Kh7 29. Nf5 Qf8 30. Qh4 f6 31. Ne3 Ra7 32. Qg3 Re7 33. Qf3 Kh8 34. Nf1 Bf7 35. Be3 Qe8 36. Rxd6 Ne6 37. Rxd8 Qxd8 38. Rd1 Rd7 39. Rxd7 Qxd7 40. Qd1 Nd4 41. Bxd4 exd4 42. Ne3 Qa7 43. Nd5 Bxd5 44. exd5 f5 45. Qe2 Bf6 46. Qe8+ Kg7 47. d6 d3 48. Bxd3 Qd4 49. Qd7+ Kh8 50. Qe6 Kg7 51. Qd7+ Kh8 52. Qe6 Kg7 53. Qd5 Qxd5 54. cxd5 Be5 55. d7 Bc7 56. Kf1 Kf6 57. Bb5 Ke5 58. Bc6 Kd4 59. Ke2 g5 60. Kf3 Bd8 61. d6 Kc5 62. Bb5 Kd4 63. Bc4 Bb6 64. Be2 Kc3 65. Bc4 Kd4 66. Bg8 Bd8 67. Bc4 Bb6 68. h4 Bd8 69. h5 Bb6 70. Bg8 Bd8 71. Bc4 Bb6 72. Bg8 Bd8 73. Bh7 Kc3 74. Bg8 Kd4 75. Bh7 Kc3 76. Bxf5 Kxb3 77. Ke4 Kxa4 78. Kd5 b3 79. Kc5 Ka3 80. Kb5 a4 81. g3 b2 82. Bc2 g4 83. Kc6 Kb4 84. Kb7 a3 85. Bb1 Kb3 86. Kc8 Ba5 87. d8=Q Bxd8 88. Kxd8 a2 89. Bxa2+ Kxa2 0-1

[Event "3rd Memorial Warakomska 2019"]
[Site "Suwalki"]
[Date "2019.08.08"]
[Round "5.41"]
[White "Mulet, Piotr"]
[Black "Bommini Mounika Akshaya"]
[Result "1-0"]
[ECO "C49"]
[WhiteElo "2244"]
[BlackElo "2063"]
[Annotator "NA"]
[PlyCount "93"]
[EventDate "2019.08.05"]
[EventType "swiss"]
[EventCountry "POL"]
[SourceTitle "playchess.com"]
[Source "ChessBase"]
[SourceQuality "1"]
[TimeControl "40/5400+30:1800+30"]

1. e4 e5 2. Nf3 Nc6 3. Nc3 Nf6 4. Bb5 Bb4 5. O-O O-O 6. d3 Bxc3 7. bxc3 d6 8. Re1 a6 9. Bxc6 bxc6 10. d4 Qe7 11. Ba3 Nd7 12. Qd3 Re8 13. Rab1 Qd8 14. Nd2 a5 15. Qg3 Qf6 16. dxe5 Rxe5 17. c4 Rg5 18. Qe3 h5 19. f4 Rg4 20. h3 Rg6 21. Nf3 Nb6 22. Bb2 Nxc4 23. Bxf6 Nxe3 24. Bg5 Nxc2 25. Rec1 Nb4 26. f5 Rxg5 27. Nxg5 c5 28. a3 Nc6 29. Nf3 Ba6 30. e5 Bd3 31. Rb7 Rc8 32. g4 Be4 33. exd6 cxd6 34. Ng5 Nd4 35. Nxe4 Ne2+ 36. Kg2 Nxc1 37. Nxd6 Rd8 38. Nxf7 Rd2+ 39. Kg3 Rd3+ 40. Kh4 hxg4 41. hxg4 Rxa3 42. Ng5 Rb3 43. Ra7 Rb8 44. Ne6 Nd3 45. Rxg7+ Kh8 46. f6 Rc8 47. g5 1-0

[Event "3rd Memorial Warakomska 2019"]
[Site "Suwalki"]
[Date "2019.08.08"]
[Round "5.42"]
[White "Kumala, Aleksander"]
[Black "Czarniecka, Aleksandra"]
[Result "1-0"]
[ECO "C41"]
[WhiteElo "2184"]
[BlackElo "2042"]
[Annotator "NA"]
[PlyCount "75"]
[EventDate "2019.08.05"]
[EventType "swiss"]
[EventCountry "POL"]
[SourceTitle "playchess.com"]
[Source "ChessBase"]
[SourceQuality "1"]
[TimeControl "40/5400+30:1800+30"]

1. d4 d6 2. e4 Nf6 3. Nc3 e5 4. Nf3 Nbd7 5. Rg1 g6 6. g4 Bg7 7. g5 Ng8 8. Be3 Ne7 9. Qd2 exd4 10. Nxd4 Ne5 11. Be2 N5c6 12. O-O-O a6 13. h4 Rg8 14. f4 Nxd4 15. Bxd4 Bxd4 16. Qxd4 Be6 17. Rge1 Qd7 18. Nd5 Bxd5 19. exd5 Kf8 20. Qf6 Qf5 21. Bg4 Qxf6 22. gxf6 Nf5 23. Bxf5 gxf5 24. h5 Re8 25. Rxe8+ Kxe8 26. Re1+ Kd8 27. Re7 Rf8 28. Kd2 h6 29. Kd3 Kc8 30. a4 b5 31. a5 Kb8 32. c4 bxc4+ 33. Kxc4 Kc8 34. b4 Rg8 35. Rxf7 Rg4 36. Rg7 Rxf4+ 37. Kb3 Kd8 38. Rg8+ 1-0

[Event "3rd Memorial Warakomska 2019"]
[Site "Suwalki"]
[Date "2019.08.08"]
[Round "5.43"]
[White "Wolanski, Michal"]
[Black "Praczukowski, Stanislaw"]
[Result "1/2-1/2"]
[ECO "A36"]
[WhiteElo "2007"]
[BlackElo "2166"]
[Annotator "NA"]
[PlyCount "135"]
[EventDate "2019.08.05"]
[EventType "swiss"]
[EventCountry "POL"]
[SourceTitle "playchess.com"]
[Source "ChessBase"]
[SourceQuality "1"]
[TimeControl "40/5400+30:1800+30"]

1. c4 g6 2. g3 Bg7 3. Bg2 c5 4. Nc3 Nc6 5. a3 e6 6. b4 d6 7. Rb1 Nge7 8. e3 O-O 9. Nge2 e5 10. O-O Rb8 11. Qc2 Be6 12. Nd5 Qd7 13. Nec3 b6 14. b5 Nd8 15. Nxe7+ Qxe7 16. d3 Qd7 17. Nd5 Bh3 18. Bd2 Bxg2 19. Kxg2 Ne6 20. a4 Nc7 21. Nxc7 Qxc7 22. e4 f5 23. f3 Qe7 24. a5 g5 25. axb6 axb6 26. g4 fxg4 27. fxg4 Rxf1 28. Rxf1 Rf8 29. Rxf8+ Kxf8 30. Qa4 Bf6 31. Qa8+ Kg7 32. Qc6 Qa7 33. Kf2 Be7 34. Qe8 h6 35. Qc8 Qa1 36. Qb7 Kf7 37. Qxb6 Qh1 38. Ke2 Qxh2+ 39. Kd1 h5 40. Qc7 Qh4 41. b6 hxg4 42. b7 g3 43. b8=Q g2 44. Be3 Qh5+ 45. Kd2 Qh2 46. Kc3 Qh1 47. Qb2 Qe1+ 48. Qd2 Qa1+ 49. Kb3 Qb1+ 50. Ka4 Ke8 51. Qc8+ Kf7 52. Qf5+ Kg7 53. Qff2 Qa1+ 54. Kb5 Qb1+ 55. Qb2 g1=Q 56. Qxg1 Qxb2+ 57. Kc6 Qa3 58. Kd7 Kf7 59. Qf1+ Bf6 60. Bxg5 Qa7+ 61. Kxd6 Qa6+ 62. Kxc5 Qa5+ 63. Kd6 Qa6+ 64. Kd5 Qa8+ 65. Kc5 Qa5+ 66. Kd6 Qa6+ 67. Kd5 Qa8+ 68. Kc5 1/2-1/2

[Event "3rd Memorial Warakomska 2019"]
[Site "Suwalki"]
[Date "2019.08.08"]
[Round "5.44"]
[White "Chan, Kim Yew"]
[Black "Leskiewicz, Ignacy"]
[Result "1-0"]
[ECO "A01"]
[WhiteElo "2276"]
[BlackElo "2120"]
[Annotator "ChessBase"]
[PlyCount "143"]
[EventDate "2019.08.05"]
[EventType "swiss"]
[EventCountry "POL"]
[SourceTitle "playchess.com"]
[Source "ChessBase"]
[SourceQuality "1"]
[TimeControl "40/5400+30:1800+30"]

1. b3 e5 2. Bb2 Nc6 3. e3 g6 4. Nf3 Bg7 5. c4 Nge7 6. Be2 O-O 7. d4 d6 8. dxe5 Nxe5 9. Nc3 Bd7 10. O-O Nf5 11. Qc2 Re8 12. Rfd1 Bc6 13. Nd5 Bxd5 14. Rxd5 Nxf3+ 15. Bxf3 c6 16. Rd2 Bxb2 17. Qxb2 Qe7 18. Rad1 Rad8 19. g3 c5 20. Rd5 h5 21. R1d3 Qe6 22. Qd2 Qf6 23. Qd1 b6 24. Rd2 Re6 25. Bg2 Re5 26. R5d3 Rde8 27. Bh3 h4 28. Qf3 hxg3 29. hxg3 Kg7 30. Rd5 Rxd5 31. Rxd5 Re5 32. Rd1 Qe6 33. Kg2 a6 34. Qc6 b5 35. cxb5 axb5 36. Qxb5 Qf6 37. Bxf5 Qxf5 38. Qd3 Qg4 39. Rh1 d5 40. Rh4 Qe6 41. a4 Qc6 42. Kh2 Rf5 43. Kg1 Qf6 44. Qc2 g5 45. Rh5 c4 46. bxc4 dxc4 47. Qxc4 Qa1+ 48. Kg2 Qd1 49. Qd4+ Qxd4 50. exd4 Ra5 51. d5 Kg6 52. Rh1 Rxd5 53. Ra1 Ra5 54. Kf3 Kf5 55. Ra2 f6 56. Ra3 g4+ 57. Ke3 Ke5 58. Ra2 Kf5 59. Kd4 Kg5 60. Kc4 f5 61. Kb4 Rd5 62. a5 f4 63. a6 fxg3 64. fxg3 Rd8 65. a7 Ra8 66. Ra5+ Kf6 67. Kb5 Ke5 68. Ra4 Kf5 69. Kb6 Rg8 70. a8=Q Rxa8 71. Rxa8 Ke4 72. Rf8 1-0

[Event "3rd Memorial Warakomska 2019"]
[Site "Suwalki"]
[Date "2019.08.08"]
[Round "5.45"]
[White "Dmochowska, Agnieszka"]
[Black "Korbal, Arkadiusz"]
[Result "1/2-1/2"]
[ECO "B37"]
[WhiteElo "2126"]
[BlackElo "2178"]
[Annotator "NA"]
[PlyCount "114"]
[EventDate "2019.08.05"]
[EventType "swiss"]
[EventCountry "POL"]
[SourceTitle "playchess.com"]
[Source "ChessBase"]
[SourceQuality "1"]
[TimeControl "40/5400+30:1800+30"]

1. e4 c5 2. Nf3 Nc6 3. d4 cxd4 4. Nxd4 g6 5. c4 Bg7 6. Nc2 d6 7. Be2 Qb6 8. Nc3 Bxc3+ 9. bxc3 Nf6 10. Be3 Qa5 11. f3 Qxc3+ 12. Bd2 Qe5 13. O-O O-O 14. Bd3 Be6 15. f4 Qc5+ 16. Be3 Qh5 17. Qd2 Ng4 18. h3 Nxe3 19. Nxe3 Qc5 20. Kh1 f6 21. Rab1 b6 22. f5 Bf7 23. Rb5 Qa3 24. fxg6 Bxg6 25. Nd5 Rac8 26. Rf3 Rf7 27. Be2 Qa4 28. Nc3 Qa6 29. c5 Ne5 30. Re3 bxc5 31. Rxc5 Qb7 32. Rxc8+ Qxc8 33. Nd5 Kg7 34. Rc3 Qb8 35. Rb3 Qd8 36. Rg3 Kh8 37. Qb4 Rg7 38. Ra3 f5 39. Nf4 Qd7 40. Qb8+ Rg8 41. Qxa7 Qxa7 42. Rxa7 fxe4 43. a4 Nc6 44. Rc7 Nd4 45. Bc4 Ra8 46. Rxe7 Rxa4 47. Nxg6+ hxg6 48. Bd5 Nf5 49. Re8+ Kg7 50. g4 Rd4 51. Bc6 Ne3 52. Rxe4 Rxe4 53. Bxe4 g5 54. Kh2 Kf6 55. Bd3 Ke5 56. Kg3 Kd4 57. Ba6 Ke4 1/2-1/2

[Event "3rd Memorial Warakomska 2019"]
[Site "Suwalki"]
[Date "2019.08.08"]
[Round "5.46"]
[White "Oborski, Artur"]
[Black "Checiak, Krzysztof"]
[Result "1-0"]
[ECO "E12"]
[WhiteElo "1969"]
[BlackElo "2057"]
[Annotator "NA"]
[PlyCount "71"]
[EventDate "2019.08.05"]
[EventType "swiss"]
[EventCountry "POL"]
[SourceTitle "playchess.com"]
[Source "ChessBase"]
[SourceQuality "1"]
[TimeControl "40/5400+30:1800+30"]

1. d4 Nf6 2. c4 e6 3. Nf3 b6 4. a3 Be7 5. d5 O-O 6. Nc3 d6 7. e4 Nbd7 8. Nd4 exd5 9. cxd5 Nb8 10. Bd3 Ng4 11. O-O Bf6 12. Be2 Ne5 13. f4 Ng6 14. Be3 a6 15. b4 a5 16. Rc1 axb4 17. axb4 Re8 18. Bd3 Bb7 19. Bb5 Rf8 20. Qd2 Ne7 21. Nf3 Ng6 22. Bd4 Bxd4+ 23. Nxd4 Ne7 24. f5 c5 25. dxc6 Nexc6 26. Nxc6 Bxc6 27. f6 gxf6 28. Bxc6 Nxc6 29. Nd5 Ne5 30. Nxf6+ Kg7 31. Qg5+ Ng6 32. Nh5+ Kh8 33. Qh6 Rg8 34. Rxf7 Nf8 35. Nf6 Rg6 36. Rxh7+ {[%emt 0:00:12] Rg8} 1-0

[Event "3rd Memorial Warakomska 2019"]
[Site "Suwalki"]
[Date "2019.08.08"]
[Round "5.48"]
[White "Kokoszczynski, Jan"]
[Black "Nowak, Lukasz"]
[Result "0-1"]
[ECO "E21"]
[WhiteElo "2238"]
[BlackElo "2264"]
[Annotator "NA"]
[PlyCount "96"]
[EventDate "2019.08.05"]
[EventType "swiss"]
[EventCountry "POL"]
[SourceTitle "playchess.com"]
[Source "ChessBase"]
[SourceQuality "1"]
[TimeControl "40/5400+30:1800+30"]

1. d4 Nf6 2. c4 e6 3. Nc3 Bb4 4. Nf3 b6 5. Bd2 Bb7 6. e3 O-O 7. Rc1 d5 8. cxd5 exd5 9. Bd3 a6 10. O-O Bd6 11. Ne5 c5 12. Bb1 Nbd7 13. f4 cxd4 14. exd4 Ne4 15. Be1 Rc8 16. Qg4 Ndf6 17. Qh3 Nxc3 18. bxc3 Ne4 19. Rf3 Rc7 20. Re3 Qc8 21. Qf3 f6 22. Ng4 b5 23. Rd1 Re7 24. h4 Qc7 25. g3 Rfe8 26. Kg2 Bc8 27. Nf2 Qd7 28. Rc1 Nxf2 29. Rxe7 Rxe7 30. Bxf2 Ba3 31. Re1 Rxe1 32. Bxe1 Bf8 33. f5 a5 34. Bd2 Qc6 35. Bd3 b4 36. c4 Bb7 37. c5 Qa4 38. Qe2 Qxa2 39. Qe6+ Kh8 40. Qf7 Qxd2+ 41. Kh3 h6 42. Qxf8+ Kh7 43. Qf7 Bc6 44. Ba6 Qe1 45. Bc8 Qh1+ 46. Kg4 Qe4+ 47. Kh3 Bb5 48. Qg6+ Kh8 0-1

[Event "3rd Memorial Warakomska 2019"]
[Site "Suwalki"]
[Date "2019.08.09"]
[Round "6.1"]
[White "Markowski, Tomasz"]
[Black "Zakhartsov, Viacheslav V."]
[Result "1-0"]
[ECO "A46"]
[WhiteElo "2537"]
[BlackElo "2518"]
[Annotator "ChessBase"]
[PlyCount "125"]
[EventDate "2019.08.05"]
[EventType "swiss"]
[EventCountry "POL"]
[SourceTitle "playchess.com"]
[Source "ChessBase"]
[SourceQuality "1"]
[TimeControl "40/5400+30:1800+30"]

1. d4 Nf6 2. Nf3 e6 3. e3 b6 4. Bd3 Bb7 5. O-O Be7 6. c4 O-O 7. Nc3 d5 8. cxd5 exd5 9. b3 a6 10. Bb2 Bd6 11. Ne5 c5 12. Ne2 Re8 13. Ng3 cxd4 14. exd4 Nbd7 15. Re1 g6 16. Qf3 Nf8 17. Re3 Ne6 18. h4 Bf8 19. Rd1 Rc8 20. Ree1 Bh6 21. Bb1 Rc7 22. a3 Rc8 23. Ne2 Rc7 24. Ng3 Rc8 25. b4 Rc7 26. Bd3 Nf4 27. Bb1 Ne6 28. a4 Bf8 29. b5 a5 30. Bd3 Bg7 31. Bb1 Bf8 32. Rc1 Rxc1 33. Rxc1 Bg7 34. Ne2 Qe7 35. Nc6 Qd7 36. Ba3 Ne4 37. Ba2 f5 38. Qb3 Nc7 39. Nf4 Nf6 40. Ne5 Qd8 41. Qc2 Na8 42. Nc6 Qd7 43. Nd3 Bh6 44. Rd1 Nc7 45. Nde5 Qg7 46. Qd3 Kh8 47. g3 Ne4 48. Kg2 Nf6 49. Qf3 Ne4 50. Bc1 Bxc1 51. Rxc1 Nf6 52. Qa3 Kg8 53. Qd6 Re6 54. Qd8+ Re8 55. Ne7+ Qxe7 56. Qxc7 Qxc7 57. Rxc7 Ba8 58. f3 Rd8 59. Kf2 Ne8 60. Ra7 Nf6 61. Ke3 Rb8 62. g4 fxg4 63. fxg4 1-0

[Event "3rd Memorial Warakomska 2019"]
[Site "Suwalki"]
[Date "2019.08.09"]
[Round "6.2"]
[White "Malakhatko, Vadim"]
[Black "Sadzikowski, Daniel"]
[Result "1/2-1/2"]
[ECO "A20"]
[WhiteElo "2462"]
[BlackElo "2503"]
[Annotator "RC"]
[PlyCount "34"]
[EventDate "2019.08.05"]
[EventType "swiss"]
[EventCountry "POL"]
[SourceTitle "playchess.com"]
[Source "ChessBase"]
[SourceQuality "1"]
[TimeControl "40/5400+30:1800+30"]

1. c4 e5 2. e3 Nf6 3. Nc3 Nc6 4. a3 d5 5. cxd5 Nxd5 6. Qc2 Nxc3 7. bxc3 Qg5 8. Nf3 Qg6 9. Qxg6 hxg6 10. d4 Bd6 11. Rb1 b6 12. Bb5 Bd7 13. Nd2 Na5 14. a4 f6 15. Ke2 Ke7 16. Bxd7 Kxd7 17. h3 Ke6 1/2-1/2

[Event "3rd Memorial Warakomska 2019"]
[Site "Suwalki"]
[Date "2019.08.09"]
[Round "6.3"]
[White "Harsha Bharathakoti"]
[Black "Goluch, Piotr"]
[Result "1-0"]
[ECO "B11"]
[WhiteElo "2486"]
[BlackElo "2386"]
[Annotator "ChessBase"]
[PlyCount "45"]
[EventDate "2019.08.05"]
[EventType "swiss"]
[EventCountry "POL"]
[SourceTitle "playchess.com"]
[Source "ChessBase"]
[SourceQuality "1"]
[TimeControl "40/5400+30:1800+30"]

1. e4 c6 2. Nc3 d5 3. Nf3 Bg4 4. Be2 e6 5. d4 Nf6 6. h3 Bh5 7. e5 Nfd7 8. g4 Bg6 9. h4 h5 10. gxh5 Bxh5 11. Ng5 Bxe2 12. Qxe2 Be7 13. Qf3 Bxg5 14. Bxg5 Qb6 15. O-O-O Na6 16. h5 c5 17. Be3 Qc6 18. Rdg1 Rh7 19. Rh4 cxd4 20. Bxd4 Ke7 21. Rf4 Rf8 22. Rg5 b6 23. Qd3 1-0

[Event "3rd Memorial Warakomska 2019"]
[Site "Suwalki"]
[Date "2019.08.09"]
[Round "6.5"]
[White "Dhulipalla Bala Chandra Prasad"]
[Black "Nasuta, Grzegorz"]
[Result "0-1"]
[ECO "A40"]
[WhiteElo "2419"]
[BlackElo "2529"]
[Annotator "ChessBase"]
[PlyCount "90"]
[EventDate "2019.08.05"]
[EventType "swiss"]
[EventCountry "POL"]
[SourceTitle "playchess.com"]
[Source "ChessBase"]
[SourceQuality "1"]
[TimeControl "40/5400+30:1800+30"]

1. d4 e6 2. c4 b6 3. e4 Bb7 4. Bd3 Nc6 5. Nf3 Nb4 6. O-O Ne7 7. d5 Nxd3 8. Qxd3 Ng6 9. e5 Be7 10. Nc3 O-O 11. Re1 d6 12. exd6 Bxd6 13. Be3 exd5 14. cxd5 Qd7 15. Rad1 Rad8 16. a3 h6 17. Qc4 Rfe8 18. h3 a6 19. Kh1 Qf5 20. Nd4 Qh5 21. Nc6 Ne5 22. Nxe5 Qxe5 23. g3 Qf5 24. Kg2 Bc8 25. Rh1 Re7 26. Qd3 Qh5 27. Qe2 Qg6 28. Qd3 Bf5 29. Qd2 Be5 30. Bf4 Bxc3 31. Qxc3 Be4+ 32. f3 Bxd5 33. Rhe1 Red7 34. Rd3 c5 35. g4 Bc6 36. Rde3 Rd2+ 37. Kg3 Rc2 38. Qb3 Rdd2 39. Re8+ Bxe8 40. Rxe8+ Kh7 41. Bxd2 Rxd2 42. Re3 Qd6+ 43. f4 Qd4 44. Kf3 c4 45. Qc3 Qd5+ 0-1

[Event "3rd Memorial Warakomska 2019"]
[Site "Suwalki"]
[Date "2019.08.09"]
[Round "6.6"]
[White "Hnydiuk, Aleksander"]
[Black "Shyam, Sundar M."]
[Result "1-0"]
[ECO "E69"]
[WhiteElo "2412"]
[BlackElo "2520"]
[Annotator "ChessBase"]
[PlyCount "79"]
[EventDate "2019.08.05"]
[EventType "swiss"]
[EventCountry "POL"]
[SourceTitle "playchess.com"]
[Source "ChessBase"]
[SourceQuality "1"]
[TimeControl "40/5400+30:1800+30"]

1. Nf3 g6 2. c4 Bg7 3. d4 Nf6 4. g3 O-O 5. Bg2 d6 6. Nc3 Nbd7 7. O-O e5 8. e4 c6 9. h3 Qb6 10. Re1 exd4 11. Nxd4 Re8 12. Nb3 Ne5 13. Bf1 Be6 14. Be3 c5 15. Nd2 a6 16. Rb1 Qa5 17. a3 Rac8 18. b4 cxb4 19. axb4 Qd8 20. Nd5 Nfd7 21. f4 Nc6 22. Nf3 a5 23. bxa5 Nxa5 24. Nb6 Rc6 25. Nxd7 Qxd7 26. Nd4 Bxd4 27. Bxd4 Bxh3 28. Bc3 Nxc4 29. Qd4 Ne5 30. fxe5 Rxe5 31. Bb5 Qg4 32. Re3 Rc8 33. Be2 Qg5 34. Rb6 Bf5 35. Rxd6 Bxe4 36. Kf2 Rce8 37. Rxe4 Qf5+ 38. Bf3 f6 39. Rxe5 fxe5 40. Qd5+ 1-0

[Event "3rd Memorial Warakomska 2019"]
[Site "Suwalki"]
[Date "2019.08.09"]
[Round "6.7"]
[White "Greenfeld, Alon"]
[Black "Kosakowski, Jakub"]
[Result "1-0"]
[ECO "D72"]
[WhiteElo "2522"]
[BlackElo "2394"]
[Annotator "ChessBase"]
[PlyCount "79"]
[EventDate "2019.08.05"]
[EventType "swiss"]
[EventCountry "POL"]
[SourceTitle "playchess.com"]
[Source "ChessBase"]
[SourceQuality "1"]
[TimeControl "40/5400+30:1800+30"]

1. d4 Nf6 2. c4 g6 3. g3 Bg7 4. Bg2 d5 5. cxd5 Nxd5 6. e4 Nb6 7. Ne2 c5 8. d5 O-O 9. O-O e6 10. Nec3 Na6 11. Bf4 exd5 12. exd5 Bf5 13. g4 Bd7 14. Nd2 Re8 15. Nde4 Nc4 16. Bg5 f6 17. Bh4 g5 18. Bg3 h5 19. d6 h4 20. Nd5 hxg3 21. fxg3 Re6 22. Qb3 b5 23. a4 Rb8 24. axb5 Nxd6 25. Rxa6 Nxe4 26. Bxe4 Rxa6 27. Ne7+ Kh8 28. Ng6+ Kh7 29. Ne5+ f5 30. Rxf5 Rg6 31. Rf7 Bf5 32. Rxg7+ Rxg7 33. Bxf5+ Kh8 34. Nc6 Qd2 35. Qe6 Qc1+ 36. Kg2 Qxb2+ 37. Kh3 Rbb7 38. Qc8+ Rg8 39. Qxb7 Qg7 40. Qxa7 1-0

[Event "3rd Memorial Warakomska 2019"]
[Site "Suwalki"]
[Date "2019.08.09"]
[Round "6.8"]
[White "Zakhartsov, Vladimir"]
[Black "Kaczmarek, Aleksander"]
[Result "1-0"]
[ECO "A04"]
[WhiteElo "2493"]
[BlackElo "2389"]
[Annotator "ChessBase"]
[PlyCount "61"]
[EventDate "2019.08.05"]
[EventType "swiss"]
[EventCountry "POL"]
[SourceTitle "playchess.com"]
[Source "ChessBase"]
[SourceQuality "1"]
[TimeControl "40/5400+30:1800+30"]

1. Nf3 g6 2. d4 Bg7 3. e4 c6 4. Nc3 d5 5. h3 dxe4 6. Nxe4 Nd7 7. Bc4 Ngf6 8. Nxf6+ Nxf6 9. c3 O-O 10. O-O a5 11. a4 b6 12. Ne5 Bb7 13. Bf4 Nd5 14. Bg3 Rc8 15. Qb3 e6 16. Rad1 Ba8 17. Rfe1 c5 18. Ba6 Rb8 19. c4 Nc7 20. dxc5 bxc5 21. Bb5 Qg5 22. h4 Qh5 23. Nd7 e5 24. Nxb8 Rxb8 25. Qe3 f5 26. Bxe5 f4 27. Bxf4 Bd4 28. Qe2 Qxh4 29. Rxd4 cxd4 30. Bxc7 Rf8 31. Bg3 1-0

[Event "3rd Memorial Warakomska 2019"]
[Site "Suwalki"]
[Date "2019.08.09"]
[Round "6.9"]
[White "Caspi, Israel"]
[Black "Pavlov, Sergey"]
[Result "1-0"]
[ECO "C45"]
[WhiteElo "2458"]
[BlackElo "2486"]
[Annotator "ChessBase"]
[PlyCount "135"]
[EventDate "2019.08.05"]
[EventType "swiss"]
[EventCountry "POL"]
[SourceTitle "playchess.com"]
[Source "ChessBase"]
[SourceQuality "1"]
[TimeControl "40/5400+30:1800+30"]

1. e4 e5 2. Nf3 Nc6 3. d4 exd4 4. Nxd4 Bc5 5. Nb3 Bb4+ 6. c3 Be7 7. Bf4 d6 8. N1d2 Bg5 9. Bxg5 Qxg5 10. g3 Bg4 11. Be2 Nf6 12. f3 Bh3 13. f4 Qg6 14. Bf3 d5 15. e5 Ne4 16. Qe2 Nxd2 17. Qxd2 O-O-O 18. O-O-O f6 19. exf6 Qxf6 20. Rhe1 g5 21. Qe3 gxf4 22. Qxf4 Qxf4+ 23. gxf4 Rhf8 24. Bxd5 Rxf4 25. Rd2 Rf6 26. Nc5 Rdf8 27. b4 Rf1 28. Rxf1 Rxf1+ 29. Kb2 Nd8 30. Bc4 Rf4 31. Kb3 c6 32. a4 Bf5 33. Bd3 b6 34. Bxf5+ Rxf5 35. Ne4 Kc7 36. Nd6 Re5 37. Nc4 Re7 38. Rg2 Ne6 39. Rg8 Nf4 40. Ra8 Kb7 41. Rf8 Nd5 42. Nd6+ Kc7 43. Nf5 Rd7 44. Kc4 a6 45. a5 b5+ 46. Kb3 c5 47. bxc5 Kc6 48. c4 Ne7 49. Kb4 Nxf5 50. cxb5+ axb5 51. Rf6+ Kc7 52. Rxf5 Rd2 53. Rf7+ Kc6 54. Rf6+ Kc7 55. Rh6 Rb2+ 56. Kc3 Ra2 57. a6 Ra4 58. Kb3 Rc4 59. Rxh7+ Kc6 60. a7 Ra4 61. h4 Kxc5 62. h5 Rb4+ 63. Kc3 Rc4+ 64. Kd3 Rd4+ 65. Ke3 Ra4 66. h6 b4 67. Kd3 Ra3+ 68. Kc2 1-0